 Dungeon Crawl Stone Soup version 0.19.4-10-g532645f (webtiles) character file.

173 tof the Shield-Bearer (level 5, -1/47 HPs)
             Began as a Minotaur Fighter on Feb 25, 2017.
             Slain by a howler monkey (2 damage)
             ... on level 4 of the Dungeon.
             The game lasted 00:04:04 (2423 turns).

tof the Shield-Bearer (Minotaur Fighter)            Turns: 2423, Time: 00:04:05

Health: -1/47      AC:  8    Str: 20    XL:     5   Next: 28%
Magic:  4/4        EV:  6    Int:  5    God:
Gold:   158        SH: 14    Dex: 11    Spells: 0 memorised, 4 levels left

rFire  . . .     SeeInvis .     a - +0 flail
rCold  . . .     Gourm    .     b - +0 scale mail
rNeg   . . .     Faith    .     r - +0 large shield
rPois  .         Spirit   .     (helmet restricted)
rElec  .         Reflect  .     (no cloak)
rCorr  .         Harm     .     x - +0 pair of gloves
MR     .....                    (no boots)
Stlth  ..........               (no amulet)
                                (no ring)
                                (no ring)

@: no status effects
A: retaliatory headbutt, horns 2
a: no special abilities


You were on level 4 of the Dungeon.
You were not hungry.

You visited 1 branch of the dungeon, and saw 4 of its levels.

You collected 158 gold pieces.

Inventory:

Hand Weapons
 a - a +0 flail (weapon)
Armour
 b - a +0 scale mail (worn)
 c - a +0 shield
 r - a +0 large shield (worn)
 x - a +0 pair of gloves (worn)
Jewellery
 t - an uncursed ring of magical power {unknown}
Scrolls
 e - a scroll of amnesia {unknown}
 i - a scroll of noise {unknown}
 j - 4 scrolls of identify {unknown}
 m - 2 scrolls of teleportation {unknown}
 p - a scroll of fear {unknown}
 q - a scroll of magic mapping {unknown}
 u - a scroll of fog {unknown}
 v - a scroll of recharging {unknown}
 w - a scroll of blinking {unknown}
Potions
 d - 3 potions of might
 g - a potion of resistance {unknown}
 h - 2 potions of curing {unknown}
 k - a potion of heal wounds {unknown}
 l - a potion of lignification {unknown}
 s - a potion of flight {unknown}
 A - a potion of brilliance {unknown}
 B - a potion of magic {unknown}
Comestibles
 f - 2 bread rations
 n - a beef jerky
 o - 9 fruits
 z - 7 chunks of flesh
 C - a meat ration


   Skills:
 + Level 4.4 Fighting
 + Level 4.2 Maces & Flails
 + Level 4.3 Armour
 + Level 0.9 Dodging
 + Level 0.1 Stealth
 + Level 5.0 Shields


You had 4 spell levels left.
You didn't know any spells.

Dungeon Overview and Level Annotations

Branches:
Dungeon (4/15)
 Temple: D:4-7

Altars:


Innate Abilities, Weirdness & Mutations

You reflexively headbutt those who attack you in melee.
You have a pair of horns on your head.


Message History

You block the orc's attack. The orc hits you with a whip.
* * * LOW HITPOINT WARNING * * *
You closely miss the orc.
The orc is moderately wounded.
You block the howler monkey's attack. The orc hits you but does no damage.
The orc hits you with a whip.
* * * LOW HITPOINT WARNING * * *
The orc hits you with a flail.
* * * LOW HITPOINT WARNING * * *
You block the howler monkey's attack. You block the orc's attack.
The orc closely misses you. You furiously retaliate!
You headbutt the orc!
You kill the orc!
Sorry, you're not good enough to have a special ability.
You hit the orc.
You kill the orc!
The howler monkey hits you but does no damage.
You block the orc's attack. You block the orc priest's attack.
You block the howler monkey's attack. You block the orc's attack.
The howler monkey hits you.
You die...

#####
##...##
#8(@.8#
#.ooh...#
#....l8.>$#
###.....?.#
##8.>.8##
##...##
#####


You could see a howler monkey, an orc priest, an orc and a frilled lizard.

Vanquished Creatures
  An orc wizard (D:4)
  A worker ant (D:3)
  3 adders
  3 worms
  2 dart slugs (D:1)
  3 leopard geckos
  7 orcs
  A ball python (D:1)
  6 bats
  5 giant cockroaches
  10 goblins
  A hobgoblin (D:1)
  10 jackals
  A quokka (D:3)
  4 frilled lizards
  4 kobolds
  8 rats
70 creatures vanquished.

Notes
Turn   | Place    | Note
-------+----------+-------------------------------------------
     0 | D:1      | tof the Minotaur Fighter began the quest for the Orb.
     0 | D:1      | Reached XP level 1. HP: 19/19 MP: 0/0
    78 | D:1      | Reached XP level 2. HP: 15/27 MP: 1/1
   276 | D:1      | Reached skill level 4 in Shields
   531 | D:1      | Reached XP level 3. HP: 33/33 MP: 2/2
  1001 | D:2      | Found a faded altar of an unknown god.
  1802 | D:3      | Reached XP level 4. HP: 33/40 MP: 3/3
  2261 | D:3      | Reached XP level 5. HP: 47/47 MP: 4/4
  2417 | D:4      | Reached skill level 5 in Shields
  2421 | D:4      | HP: 1/47 [orc/flail (6)]
  2423 | D:4      | Slain by a howler monkey

Skill      XL: |  1  2  3  4  5 |
---------------+----------------+-----
Armour         | 4 |  4.3
Shields        | 4 5 |  5.0
Fighting       | 4 |  4.4
Maces & Flails | 3 4 |  4.2
Dodging        | |  0.9
Stealth        | |  0.1

Action                   |  1- 3 |  4- 6 || total
-------------------------+-------+-------++-------
Melee: Flail             |   124 |    70 ||   194
       Headbutt          |    11 |    12 ||    23
  Eat: Chunk             |     2 |     3 ||     5
Armor: Scale mail        |    60 |    31 ||    91
Dodge: Dodged            |    36 |    11 ||    47
Block: Shield            |    43 |       ||    43
       Large shield      |    28 |    80 ||   108
